 Dungeon Crawl Stone Soup version 0.12.2-6-g2b2ad49 (webtiles) character file.

146 Antunes the Practitioner (level 3, -1/21 HPs)
             Began as a Kobold Healer on June 14, 2013.
             Was a Believer of Elyvilon.
             Killed from afar by an orc wizard (8 damage)
             ... with a magic dart
             ... on Level 2 of the Dungeon.
             The game lasted 00:12:30 (1788 turns).

Antunes the Practitioner (Kobold Healer)            Turns: 1788, Time: 00:12:30

HP  -1/21        AC  3     Str 11      XL: 3   Next: 17%
MP   6/6         EV 15     Int 11      God: Elyvilon [**....]
Gold 121         SH  0     Dex 14      Spells:  0 memorised,  2 levels left

Res.Fire  : . . .   See Invis. : .   j - +2,+1 short sword
Res.Cold  : . . .   Warding    : .   a - +1 robe
Life Prot.: . . .   Conserve   : .   (no shield)
Res.Poison: .       Res.Corr.  : .   (no helmet)
Res.Elec. : .       Clarity    : .   (no cloak)
Sust.Abil.: . .     Spirit.Shd : .   (no gloves)
Res.Mut.  : .       Stasis     : .   (no boots)
Res.Rott. : .       Ctrl.Telep.: .   (no amulet)
Saprovore : + + .   Flight     : .   (no ring)
                                     (no ring)

@: not resistant to hostile enchantments, unstealthy
A: disease resistance, carnivore 3, saprovore 2
a: Lesser Healing, Lesser Self-Healing, Divine Protection, Purification,
Renounce Religion


You were on level 2 of the Dungeon.
You worshipped Elyvilon.
Elyvilon was most pleased with you.
You were not hungry.

You visited 1 branch of the dungeon, and saw 3 of its levels.

You collected 21 gold pieces.

Dungeon Overview and Level Annotations

Branches:
Dungeon (3/27)

Altars:


Innate Abilities, Weirdness & Mutations

You recuperate from illness quickly.
You are small and have problems with some larger weapons.
You are carnivorous and can eat meat at any time.
You can eat rotten meat.


   Skills:
 - Level 2.1 Fighting
 + Level 2.8 Dodging
 + Level 0.8 Stealth
 + Level 1.2 Stabbing
 + Level 0.8 Traps
 + Level 4.3 Invocations


You had 2 spell levels left.
You didn't know any spells.

Inventory:

Hand weapons
 i - a +0,+0 quarterstaff
 j - a +2,+1 short sword (weapon)
 l - a cursed +0,-2 dwarven dagger (quivered)
Missiles
 f - 17 poisoned needles
Armour
 a - a +1 robe (worn)
Comestibles
 d - 2 meat rations
Scrolls
 e - a scroll of enchant weapon II {unknown}
 g - 2 scrolls of curse weapon
 h - a scroll of magic mapping {unknown}
Potions
 b - a potion of curing
 c - a potion of heal wounds


Message History

The orc closely misses you.
You climb upwards.
There is a stone staircase leading down here.
You puncture the orc wizard!
The orc wizard is heavily wounded.
The orc closely misses you.
The orc wizard mumbles some strange words.
The orc wizard seems to speed up.
The orc completely misses you.
You barely miss the orc wizard.
The orc wizard is heavily wounded.
The orc misses you.
The orc wizard hits you with an orcish dagger.
* * * LOW HITPOINT WARNING * * *
The orc closely misses you.
You hit the orc wizard but do no damage.
The orc wizard is heavily wounded.
The orc closely misses you. The orc wizard closely misses you.
The orc wizard gestures at you while chanting.
The magic dart hits you!
You die...

▒▒▒▒·▒··· ▒····▒·▒
▒····▒···
··········
▒····▒···
··▒▒▒·▒·▒▒
▒····▒▒·· ···
······ ▒▒▒▒·▒▒·▒
·▒▒▒ ▒···· ▒·▒▒·▒
·· ▒··· ▒·▒▒·▒
▒·▒▒o▒ ▒·▒▒K▒
▒▒▒▒▒▒··oo▒
▒········o▒
▒·▒▒▒▒▒···▒▒▒·▒▒▒·
▒······<··········
▒▒▒▒▒▒▒▒▒·▒▒▒·▒▒▒▒
▒·▒ ▒▒▒·▒ ▒···▒


You could see an orc wizard and 3 orcs.

Action                   || total
-------------------------++-------
Melee: Unarmed           ||    58
       Short sword       ||    38
       Quarterstaff      ||     1
Invok: Lesser Healing    ||    23
  Use: Scroll            ||     1
 Stab: Sleeping          ||     1

Vanquished Creatures
  2 oozes (D:1)
  3 bats (D:1)
  2 goblins (D:1)
  A hobgoblin (D:1)
  A giant newt (D:1)
  A kobold (D:1)
  4 rats (D:1)
14 creatures vanquished.

Vanquished Creatures (others)
  2 jackals (D:1)
  A giant cockroach (D:2)
3 creatures vanquished.

Grand Total: 17 creatures vanquished

Notes
Turn   | Place    | Note
--------------------------------------------------------------
     0 | D:1      | Antunes, the Kobold Healer, began the quest for the Orb.
     0 | D:1      | Reached XP level 1. HP: 12/12 MP: 2/2
   487 | D:1      | Reached XP level 2. HP: 12/17 MP: 4/4
   656 | D:1      | Reached skill level 1 in Stabbing
  1314 | D:1      | Reached XP level 3. HP: 21/21 MP: 6/6
  1788 | D:2      | Killed from afar by an orc wizard

Vault maps used:
D:1:      minmay_entry_trapped
D:2:      sigmund_army
D:3:      infiniplex_staircase_split_hallway, first_bread
